AoeStats
← Goku_San

MegaRandom

509399470Analyzed
4v4 RM · 6d ago on Sep 26, 2026· 35m 11s· 8 players
Game mode
Random Map
Map size
Large (8 player)
Population
200
Speed
Normal
Resources
Standard
Victory
Conquest
Starting age
Dark Age
Ending age
Imperial Age
RankedLock teamsTeams togetherTeam positionsShared explorationLock speedFull tech treeHidden civsTurbo modeCheats
Victory
Defeat
🇬🇧 Varangians · United Kingdom
1284
+12
🇮🇱 Mongols · Israel
1265
+13
🇨🇳 Portuguese · China
1167
+17
🇦🇷 Romans · Argentina
1157
+17
🇫🇷 Shu · France
1262
-17
1209
-16
🇪🇸 Britons · Spain
1151
-13
🇮🇱 Magyars · Israel
1150
-13
Jota
9:41 Feudal Age
10:13 Double-Bit Axe
15:08 Wheelbarrow
19:09 Castle Age
18:48 Gold Mining
20:00 Medium Warships
20:10 Bow Saw
23:15 Fletching
25:10 Loom
28:23 Padded Archer Armor
jawsy_
7:55 Loom
10:31 Feudal Age
11:06 Double-Bit Axe
13:34 Horse Collar
15:14 Fletching
18:55 Castle Age
18:08 Stone Mining
19:55 Gold Mining
20:19 Bow Saw
25:33 Imperial Age
27:22 Scale Mail Armor
29:46 Forging
29:52 Chain Mail Armor
30:44 Squires
30:36 Pikeman
shalevwood
12:56 Feudal Age
13:27 Double-Bit Axe
13:39 Horse Collar
16:28 Scale Barding Armor
19:38 Wheelbarrow
21:41 Castle Age
19:59 Bloodlines
22:23 Light Cavalry
24:24 Fletching
打帝国需要戴老花镜
9:13 Loom
10:59 Feudal Age
12:52 Double-Bit Axe
13:30 Town Watch
17:09 Castle Age
15:43 Fletching
16:12 Horse Collar
16:52 Padded Archer Armor
18:56 Leather Archer Armor
18:56 Gold Mining
21:00 Clinker Construction
22:37 Bodkin Arrow
22:58 Careening
Goku_San
6:45 Loom
9:14 Feudal Age
9:44 Double-Bit Axe
18:51 Castle Age
16:49 Gold Mining
18:22 Horse Collar
18:45 Fishing Lines
19:44 Medium Warships
23:55 Bow Saw
24:37 Gillnets
26:37 Wheelbarrow
25:57 Stone Mining
26:42 Gold Shaft Mining
30:04 Fletching
30:14 Padded Archer Armor
31:26 Ballistics
33:42 Imperial Age
32:02 Stone Shaft Mining
32:00 Hand Cart
32:15 Bodkin Arrow
32:36 Leather Archer Armor
33:34 Thumb Ring
33:22 Town Watch
33:56 Heavy Plow
34:56 Conscription
34:41 Bracer
35:44 Chemistry
34:55 Elite Mangudai
NotGG
6:01 Loom
8:41 Feudal Age
9:17 Double-Bit Axe
14:39 Castle Age
14:17 Town Watch
14:45 Horse Collar
27:14 Fletching
28:30 Forging
29:48 Iron Casting
29:36 Scale Barding Armor
31:00 Bloodlines
31:25 Chain Barding Armor
31:18 Husbandry
33:08 Bodkin Arrow
34:22 Ballistics
rower56
1:15 Loom
14:00 Feudal Age
16:37 Fletching
21:05 Horse Collar
21:12 Double-Bit Axe
25:04 Castle Age
23:38 Stone Mining
23:40 Gold Mining
26:19 Bow Saw
26:11 Heavy Plow
26:09 Bodkin Arrow
26:45 Medium Warships
29:58 Imperial Age
28:12 Fervor
29:09 Ballistics
30:03 Masonry
31:44 Chemistry
32:13 Two-Man Saw
32:59 Guilds
33:19 Coinage
35:07 Siege Engineers
35:53 Conscription
ALAW
11:20 Feudal Age
12:08 Double-Bit Axe
15:01 Castle Age
13:47 Fishing Lines
15:52 Bow Saw
15:46 Fletching
16:43 Bodkin Arrow
20:05 Ballistics
19:50 Gold Mining
22:42 Wheelbarrow
21:53 Loom
23:38 Stone Mining
31:51 Squires
31:54 Scale Mail Armor
33:21 Hand Cart
34:45 Chain Mail Armor
34:41 Forging
Connection lost

Rejoining the realm…

Still unreachable

The connection could not be restored.

Session expired

The server has moved on; the page needs a fresh start.